 Dungeon Crawl Stone Soup version 0.30-a0-368-g86fb4627a9 (webtiles) character file.

Game seed: 12080811496201140412

170 qeuew the Chopper (level 5, -3/40 HPs)
             Began as a Demonspawn Gladiator on Nov 18, 2022.
             Slain by Crazy Yiuf
             ... wielding a +4 quarterstaff of chaos
              (15 damage)
             ... on level 3 of the Dungeon.
             The game lasted 00:02:45 (3188 turns).

qeuew the Chopper (Demonspawn Gladiator)            Turns: 3188, Time: 00:02:46

Health: -3/40      AC: 13    Str: 16    XL:     5   Next: 26%
Magic:  5/5        EV: 12    Int: 10    God:
Gold:   146        SH:  0    Dex: 17    Spells: 4/4 levels left

rFire   . . .      SeeInvis .    j - +4 hand axe "Esetapt" {vorpal, Dex+3}
rCold   + . .      Faith    .    (no shield)
rNeg    . . .      Spirit   .    l - +0 ring mail
rPois   .          Reflect  .    c - +0 helmet
rElec   .          Harm     .    (no cloak)
rCorr   .          Rampage  .    (no gloves)
Will    .....                    b - +0 pair of boots
Stlth   +.........               (no amulet)
HPRegen 0.26/turn                g - ring of protection from cold
MPRegen 0.09/turn                (no ring)

@: lethally poisoned (-3 -> -9), sanguine armoured
A: foul stench 1, sanguine armour 1
a: no special abilities


You were on level 3 of the Dungeon.
You visited 1 branch of the dungeon, and saw 3 of its levels.

You collected 158 gold pieces.
You spent 12 gold pieces at shops.

Inventory:

Hand Weapons
 a - a +0 war axe
 j - the +4 hand axe "Esetapt" (weapon) {vorpal, Dex+3}
   (You found it on level 2 of the Dungeon)

   It inflicts extra damage upon your enemies.
   Dex:       It affects your dexterity (+3).
Missiles
 d - 3 throwing nets (quivered)
 e - a javelin
Armour
 b - a +0 pair of boots (worn)
 c - a +0 helmet (worn)
 l - a +0 ring mail (worn)
Jewellery
 g - a ring of protection from cold (left hand)
 i - a ring of wizardry
Wands
 o - a wand of mindburst (14)
 s - a wand of charming (7)
Scrolls
 k - a scroll of identify
 p - a scroll of torment {unknown}
 q - a scroll of enchant weapon {unknown}
Potions
 f - a potion of curing
 h - a potion of berserk rage
 m - a potion of brilliance {unknown}
 n - a potion of flight {unknown}
 r - a potion of magic {unknown}


   Skills:
 + Level 2.9 Fighting
 * Level 3.8 Axes
 + Level 2.5 Throwing
 + Level 1.5 Armour
 + Level 3.2 Dodging
 + Level 0.0 Evocations


You had 4 spell levels left.
You didn't know any spells.
Your spell library was empty.

Dungeon Overview and Level Annotations

Branches:
Dungeon (3/15)

Altars:
Nemelex Xobeh

Shops:
D:1 (!

Annotations:
D:3 Crazy Yiuf


Innate Abilities, Weirdness & Mutations

You may rarely emit foul miasma when damaged in melee.
When seriously injured, your blood forms armour. (AC +6)


Message History

You see here a +0 dagger.
There is an open door here.
There is an open door here.
Key pressed, stopping explore.
No target in view!
Crazy Yiuf says, "Candle water shrimp!"
Could not explore, unopened runed door.
Could not explore, unopened runed door.
No reachable target in view!
You open the door. You closely miss Crazy Yiuf.
Crazy Yiuf hits you with a +4 quarterstaff of chaos!
You resist with some effort.
You hit Crazy Yiuf.
Crazy Yiuf is moderately wounded.
Crazy Yiuf grits, "Whiteboard meccalolo eyeball!"
Crazy Yiuf hits you but does no damage.
You barely miss Crazy Yiuf.
Crazy Yiuf is moderately wounded.
Crazy Yiuf closely misses you.
You barely miss Crazy Yiuf.
Crazy Yiuf is moderately wounded.
Crazy Yiuf hits you with a +4 quarterstaff of chaos.
Crazy Yiuf draws strength from your wounds!
You hit Crazy Yiuf but do no damage.
Crazy Yiuf is moderately wounded.
Crazy Yiuf hits you but does no damage.
Crazy Yiuf hits you with a +4 quarterstaff of chaos.
Your blood congeals into armour.
You are poisoned.
You slash Crazy Yiuf!
Crazy Yiuf is severely wounded.
You feel very sick.
Crazy Yiuf hits you with a +4 quarterstaff of chaos!
You resist with some effort.
You hit Crazy Yiuf but do no damage.
Crazy Yiuf is severely wounded.
You feel sick. Crazy Yiuf hits you but does no damage.
Space warps horribly around you!
You die...

### #....#
#.....##.###
#....#
#........†#
#....#
#.###.###†##
##...# #.#
####...#
##.## ###
#...#. ##.#
##..... #.##
#### #P...#.
##.# #..#
#PP.#.# #@##
#..######..#
#g#
#..#..######
## ...
#.........##
.########
#...#
#..#...#...#
........#
#)..#
#..##.##....
.###.##.#
#####
#..##.##...#
.# #.##.#
#####.######
.###.##.#
###### ##'##
)##..##.#
#..#.#
##...##


You could see Crazy Yiuf.

Vanquished Creatures
  An orc priest (D:3)
  5 adders
  4 worms
  A dart slug (D:1)
  4 orcs (D:3)
  8 bats
  7 endoplasms
  8 giant cockroaches
  3 goblins
  8 hobgoblins
  4 jackals (D:2)
  2 quokkas (D:2)
  10 ball pythons
  3 frilled lizards (D:1)
  2 kobolds
  5 rats
75 creatures vanquished.

Vanquished Creatures (others)
  2 fungi (D:3)
2 creatures vanquished.

Grand Total: 77 creatures vanquished

Notes
Turn   | Place    | Note
-------+----------+-------------------------------------------
     0 | D:1      | qeuew the Demonspawn Gladiator began the quest for the Orb.
     0 | D:1      | Reached XP level 1. HP: 16/16 MP: 1/1
   149 | D:1      | Gained mutation: You may rarely emit foul miasma when
                  | damaged in melee. [demonic ancestry]
   149 | D:1      | Reached XP level 2. HP: 22/22 MP: 2/2
   193 | D:1      | Found Yrrax's Weapon Emporium.
   539 | D:1      | Found Safeunecvikh's Distillery.
   549 | D:1      | Bought a potion of degeneration for 12 gold pieces
   629 | D:1      | Reached XP level 3. HP: 28/28 MP: 3/3
  1250 | D:2      | Reached skill level 1 in Armour
  1288 | D:2      | Gained mutation: When seriously injured, your blood forms
                  | armour. (AC +6) [demonic ancestry]
  1288 | D:2      | Reached XP level 4. HP: 28/34 MP: 4/4
  1371 | D:2      | Identified the +4 hand axe "Esetapt" {vorpal, Dex+3}
  2182 | D:3      | Found a sparkling altar of Nemelex Xobeh.
  2515 | D:3      | Reached XP level 5. HP: 13/40 MP: 5/5
  2933 | D:3      | Found a runed translucent door.
  2934 | D:3      | Noticed Crazy Yiuf
  3188 | D:3      | Slain by Crazy Yiuf

Illustrated notes

Levels and vault maps discovered:
D:1:      dpeg_arrival_concentric_ovals, layout_basic, serial_shops,
          shop_fountains, nicolae_lakefront_shop,
          hangedman_decor_clover_reticule
D:2:      layout_basic
D:3:      layout_loops_corners, nemelex_diamond_rough_becter,
          minmay_shallow_snake_nest, uniq_crazy_yiuf_cottage

Skill      XL: |  1  2  3 |
---------------+----------+-----
Axes           | 3 |  3.8
Throwing       | 2 |  2.5
Dodging        | 3 |  3.2
Armour         | 1 |  1.5
Fighting       | |  2.9

Action                   |  1- 3 |  4- 6 || total
-------------------------+-------+-------++-------
Melee: War axe           |    97 |     3 ||   100
       Punch             |     1 |     1 ||     2
       Hand axe          |       |    64 ||    64
  Use: Scroll            |     2 |     1 ||     3
 Stab: Sleeping          |     1 |       ||     1
       Distracted        |     1 |       ||     1
Armor: Leather armour    |    33 |     3 ||    36
       Ring mail         |       |    18 ||    18
Dodge: Dodged            |    78 |    36 ||   114

Table legend: (Time is in decaauts)
 A = Elapsed time spent in this place.
 B = Non-inter-level travel time spent in this place.
 C = Inter-level travel time spent in this place.
 D = Time resting spent in this place.
 E = Time spent auto-exploring this place.
 F = Levels seen in this place.
 G = Mean time per level.
                   A        B        C        D        E       F      G
               +--------+--------+--------+--------+--------+-----+--------+
         Total |   3230 |   3108 |    122 |      0 |   2651 |   3 | 1076.7 |
       Dungeon |   3230 |   3108 |    122 |      0 |   2651 |   3 | 1076.7 |
               +--------+--------+--------+--------+--------+-----+--------+

Top non-repeatable levels by time:
     D:3: 1169 daAuts
     D:1: 1080 daAuts
     D:2: 979 daAuts
